 Dungeon Crawl Stone Soup version 0.30.1-4-g462c640d31 (webtiles) character file.

Game seed: 2842676613670834790

459 croobank the Covered (level 6, -1/55 HPs)
             Began as an Armataur Fighter on Aug 25, 2023.
             Slain by an ogre
             ... wielding a +0 giant club
              (17 damage)
             ... on level 4 of the Dungeon.
             The game lasted 00:07:16 (2398 turns).

croobank the Covered (Armataur Fighter)             Turns: 2398, Time: 00:07:17

Health: -1/55      AC: 11    Str: 23    XL:     6   Next: 78%
Magic:  15/15      EV:  7    Int:  8    God:
Gold:   153        SH:  5    Dex: 10    Spells: 5/5 levels left

rFire   . . .        a - +0 war axe
rCold   . . .        c - +0 buckler
rNeg    . . .        b - +0 scale mail
rPois   .            j - +0 helmet
rElec   .            o - +0 cloak
rCorr   .            l - +0 pair of gloves
SInv    +            (no barding)
Will    .....        (no amulet) Stlth
                     e - ring of magical power
HPRegen 0.29/turn    r - ring of see invisible
MPRegen 0.14/turn

%: roll
@: no status effects
A: large, rugged brown scales 3, deformed body, armoured tail, roll, long
tongue, awkward tongue
a: no special abilities


You were on level 4 of the Dungeon.
You visited 1 branch of the dungeon, and saw 4 of its levels.

You collected 153 gold pieces.

Inventory:

Hand Weapons
 a - a +0 war axe (weapon)
 d - a +0 long sword
 g - a +0 dagger
Missiles
 f - 10 poisoned darts (quivered)
Armour
 b - a +0 scale mail (worn)
 c - a +0 buckler (worn)
 j - a +0 helmet (worn)
 l - a +0 pair of gloves (worn)
 o - a +0 cloak (worn)
Magical Staves
 p - a staff of earth
Jewellery
 e - a ring of magical power (left hand)
 r - a ring of see invisible (right hand)
Wands
 s - a wand of mindburst (17)
Scrolls
 m - a scroll of brand weapon {unknown}
 n - 3 scrolls of teleportation {unknown}
 q - 3 scrolls of fear {unknown}
Potions
 h - 2 potions of degeneration {unknown}
 i - 2 potions of flight {unknown}
 k - a potion of curing {unknown}


   Skills:
 + Level 4.2 Fighting
 + Level 3.2 Axes
 + Level 5.6 Armour
 + Level 5.0 Shields


You had 5 spell levels left.
You didn't know any spells.
Your spell library contained the following spells:

 Spells                   Type           Power      Damage    Failure   Level
 Scorch                   Fire           0%         2d5       88%         2
 Ozocubu's Armour         Ice            0%         N/A       98%         3
 Flame Wave               Conj/Fire      0%         2d4       100%        4
 Metabolic Englaciation   Hex/Ice        0%         N/A       100%        5
 Simulacrum               Ice/Necr       0%         N/A       100%        6
 Summon Cactus Giant      Summ           0%         N/A       100%        6


Dungeon Overview and Level Annotations

Branches:
Dungeon (4/15)
 Temple: D:4-7

Altars:


Innate Abilities, Weirdness & Mutations

You are completely covered in rugged brown scales. (AC +3, +7% HP)
Armour fits poorly on your strangely shaped body.
You have a long armoured tail.
You roll when moving toward enemies. (Rampage)
Your long tongue fully drains potion bottles. (2x potion effects)
Your tongue gives you trouble enunciating. (1.5x scroll delay)


Message History

The sling bullet hits you but does no damage.
A kobold comes into view. It is wielding a +0 dagger.
You roll towards the kobold!
The kobold shouts!
The goblin unwields a +0 sling.
The goblin wields a +0 club.
You block the goblin's attack.
You hit the goblin.
You kill the goblin!
You roll towards the kobold!
You closely miss the kobold. The kobold closely misses you.
You closely miss the kobold. You block the kobold's attack.
You slash the kobold!
You kill the kobold!
You see here a +0 dagger.
You start resting.
An ogre comes into view. It is wielding a +0 giant club.
Throw: 12 darts (poison)
Press: ? - help, Q - select action, (/) - cycle Shift-Dir - straight line, f - ogre
Aim: an ogre, wielding a +0 giant club (73% to hit)
You throw a poisoned dart. The poisoned dart hits the ogre.
The ogre is poisoned.
Throw: 11 darts (poison)
Press: ? - help, Q - select action, (/) - cycle Shift-Dir - straight line, f/p - ogre
Aim: an ogre, wielding a +0 giant club (poisoned, 73% to hit)
You throw a poisoned dart. The poisoned dart hits the ogre.
The ogre looks even sicker.
You see here a +0 dagger.
You closely miss the ogre.
The ogre is lightly wounded.
The ogre hits you with a +0 giant club!!
Ouch! That really hurt!
* * * LOW HITPOINT WARNING * * *
Okay, then.
Okay, then.
Okay, then.
Aiming: Mindburst
Press: ? - help, Shift-Dir - straight line, f/p - ogre
Aim: an ogre, wielding a +0 giant club (lightly wounded, very poisoned, chance to affect: 64%)
The ogre's mind is blasted!!
The ogre hits you with a +0 giant club!
You die...

.)....# ##.# .. ...
...#.## ..### .### ..
.##)..# #..##. ...# ...
####..###..# #.##..##(#
#...#).# ##.....#(.#
##..#..).# #.........#
....####..## #.......##
...........####.)O....###
..##....†###....@)......#
..........##.##..#.......#
.#...##....†.......##.#...
##.# #..........#.# .....
###....###.?####... ....
###.## #### ..... ... #.
##..#.... ## ###


You could see an ogre (very poisoned).

Vanquished Creatures
  Sigmund (D:4)
  An ice beast (D:4)
  A howler monkey (D:4)
  An iguana (D:4)
  Natasha (D:4)
  4 adders
  An orc (D:3)
  5 bats
  14 endoplasms
  3 giant cockroaches
  8 goblins
  6 hobgoblins
  4 jackals (D:1)
  4 quokkas
  4 ball pythons
  4 frilled lizards
  9 kobolds
  8 rats
79 creatures vanquished.

Notes
Turn   | Place    | Note
-------+----------+-------------------------------------------
     0 | D:1      | croobank the Armataur Fighter began the quest for the Orb.
     0 | D:1      | Reached XP level 1. HP: 19/19 MP: 1/1
   332 | D:1      | Reached XP level 2. HP: 22/26 MP: 2/2
   709 | D:1      | Reached XP level 3. HP: 26/33 MP: 3/3
  1407 | D:2      | Reached XP level 4. HP: 36/40 MP: 4/4
  2140 | D:4      | Noticed Sigmund
  2224 | D:4      | Killed Sigmund
  2225 | D:4      | Reached skill level 5 in Armour
  2225 | D:4      | Reached XP level 5. HP: 49/49 MP: 5/5
  2225 | D:4      | Reached XP level 6. HP: 55/55 MP: 6/6
  2276 | D:4      | Noticed an ice beast
  2284 | D:4      | Killed an ice beast
  2352 | D:4      | Reached skill level 5 in Shields
  2352 | D:4      | Noticed Natasha
  2356 | D:4      | Killed Natasha
  2398 | D:4      | Slain by an ogre

Illustrated notes

Levels and vault maps discovered:
D:1:      dpeg_arrival_castle, layout_loops_cross, dk_noncrumbling_2
D:2:      layout_rooms, st_stairs_14
D:3:      layout_rooms, minmay_misc_feat_rugged
D:4:      cheibrodos_pilgrimage, layout_cave_pools, cheibrodos_gnoll_hut,
          uniq_natasha, uniq_sigmund

Skill      XL: |  1  2  3  4  5  6 |
---------------+-------------------+-----
Armour         | 4 5 |  5.6
Fighting       | 3 4 |  4.2
Axes           | 2 3 |  3.2
Shields        | 4 5 |  5.0

Action                     |  1- 3 |  4- 6 || total
---------------------------+-------+-------++-------
  Melee: War axe           |   125 |   100 ||   225
         Tailslap          |     6 |     6 ||    12
  Throw: Dart              |       |     3 ||     3
  Evoke: Wand              |       |     1 ||     1
    Use: Potion            |       |     1 ||     1
 Armour: Scale mail        |    91 |    53 ||   144
  Dodge: Dodged            |    46 |    31 ||    77
  Block: Buckler           |    20 |    14 ||    34
